 Dungeon Crawl Stone Soup version 0.29-a0-284-gf9362112df (webtiles) character file.

Game seed: 15458957696893853338

107241 drugrobin the Severer (level 15, -4/141 HPs)
             Began as a Demigod Fighter on Mar 26, 2022.
             Killed from afar by an eleionoma (39 damage)
             ... with a spray of wooden splinters
             ... on level 4 of the Lair of Beasts on Mar 27, 2022.
             The game lasted 02:06:39 (36317 turns).

drugrobin the Severer (Demigod Fighter)            Turns: 36317, Time: 02:06:40

Health: -4/141     AC: 10    Str: 29    XL:     15   Next: 51%
Magic:  28/28      EV: 13    Int: 24    God:
Gold:   1846       SH:  5    Dex: 15    Spells: 14/26 levels left

rFire   . . .      SeeInvis +   a - +2 broad axe (drain)
rCold   + + +      Faith    .   l - +0 buckler
rNeg    . . .      Spirit   .   G - +4 skin of Zhor {*Englaciate rC+++ SInv}
rPois   +          Reflect  .   (no helmet)
rElec   .          Harm     .   f - +0 cloak {rPois}
rCorr   +          Rampage  .   R - +1 pair of gloves
Will    +....                   L - +0 pair of boots
Stlth   +.........              J - amulet of regeneration
HPRegen 1.13/turn               q - ring of resist corrosion
MPRegen 0.21/turn               K - +6 ring of intelligence

@: no status effects
A: high MP 1, forlorn, divine attributes, agile 1
a: no special abilities


You were on level 4 of the Lair of Beasts.
You visited 6 branches of the dungeon, and saw 26 of its levels.

You collected 2617 gold pieces.
You spent 771 gold pieces at shops.

Inventory:

Hand Weapons
 a - a +2 broad axe of draining (weapon)
 b - a +0 demon whip of venom
 c - a +1 antimagic trident
 e - a +0 war axe of flaming
Missiles
 y - 10 curare-tipped darts
 z - 6 throwing nets
 E - 23 poisoned darts (quivered)
 N - 9 boomerangs of dispersal
Armour
 f - a +0 cloak of poison resistance (worn)
 l - a +0 buckler (worn)
 G - the +4 skin of Zhor (worn) {*Englaciate rC+++ SInv}
   (You took it off a boggart on level 6 of the Lair of Beasts)

   It radiates cold, occasionally slowing all nearby creatures who are not
   resistant to cold.
   rC:        It renders you almost immune to cold.
   SInv:      It lets you see invisible.
 L - a +0 pair of boots (worn)
 R - a +1 pair of gloves (worn)
Jewellery
 p - a ring of ice
 q - a ring of resist corrosion (left hand)
 J - an amulet of regeneration (around neck)
 K - a +6 ring of intelligence (right hand)
 X - a ring of fire
 Y - a ring of protection from fire
Wands
 d - a wand of iceblast (22)
 j - a wand of mindburst (8)
 w - a wand of flame (20)
 B - a wand of acid (16)
 F - a wand of paralysis (10)
 M - a wand of polymorph (13)
 O - a wand of digging (3)
 Q - a wand of charming (15)
Scrolls
 g - a scroll of summoning
 h - 3 scrolls of silence
 k - 3 scrolls of vulnerability
 r - 4 scrolls of magic mapping
 s - 6 scrolls of immolation
 x - 4 scrolls of fog
 H - 4 scrolls of fear
 S - 6 scrolls of teleportation
 Z - a scroll of identify
Potions
 m - 2 potions of might
 n - 4 potions of haste
 u - 10 potions of curing
 v - 2 potions of berserk rage
 A - 6 potions of lignification
 C - a potion of cancellation
 D - a potion of brilliance {unknown}
 I - a potion of resistance {unknown}
 T - a potion of degeneration {unknown}
 U - a potion of invisibility {unknown}
 V - 4 potions of flight {unknown}
 W - a potion of heal wounds
Miscellaneous
 t - a condenser vane
 P - a lightning rod (4/4)


   Skills:
 + Level 15.1 Fighting
 - Level 18.0 Axes
 - Level 2.8 Armour
 + Level 4.0 Dodging
 - Level 2.6 Shields
 + Level 6.3 Spellcasting
 + Level 3.9 Ice Magic
 - Level 10.0 Evocations


You had 14 spell levels left.
You knew the following spells:

 Your Spells              Type           Power      Damage    Failure   Level
a - Ozocubu's Armour      Ice            26%        N/A       6%          3
b - Frozen Ramparts       Ice            52%        1d7       6%          3
c - Summon Ice Beast      Ice/Summ       17%        N/A       41%         4
d - Blink                 Tloc           14%        N/A       16%         2

Your spell library contained the following spells:

 Spells                   Type           Power      Damage    Failure   Level
 Magic Dart               Conj           28%        1d4       10%         1
 Searing Ray              Conj           14%        2d5       16%         2
 Inner Flame              Hex/Fire       7%         N/A       30%         3
 Hailstorm                Conj/Ice       17%        3d6       41%         4
 Ice Form                 Ice/Tmut       17%        N/A       41%         4
 Airstrike                Air            3%         N/A       69%         4
 Cause Fear               Hex            3%         N/A       69%         4
 Fulminant Prism          Conj/Hex       3%         3d6       69%         4
 Summon Lightning Spire   Summ/Air       7%         N/A       69%         4
 Metabolic Englaciation   Hex/Ice        8%         N/A       77%         5
 Fireball                 Conj/Fire      3%         3d4       95%         5
 Iskenderun's Battlesphe  Conj           7%         2d6       95%         5
 Lightning Bolt           Conj/Air       3%         1d15      95%         5
 Manifold Assault         Tloc           7%         N/A       95%         5
 Summon Forest            Summ/Tloc      3%         N/A       95%         5
 Summon Mana Viper        Hex/Summ       7%         N/A       95%         5
 Conjure Ball Lightning   Conj/Air       3%         3x3d6     100%        6
 Simulacrum               Ice/Necr       8%         N/A       100%        6
 Summon Cactus Giant      Summ           3%         N/A       100%        6
 Orb of Destruction       Conj           3%         9d5       100%        7
 Ozocubu's Refrigeration  Ice            13%        4d7       100%        7
 Storm Form               Tmut/Air       3%         N/A       100%        7
 Discord                  Hex            3%         N/A       100%        8


Dungeon Overview and Level Annotations

Branches:
Dungeon (14/15)            Temple (1/1) D:5            Lair (6/6) D:10
  Swamp (1/4) Lair:4       Spider (2/4) Lair:2        Slime (0/5) Lair:5
    Orc (2/2) D:12            Elf (0/3) Orc:2
 Vaults: D:13-14

Shops:
D:10 *   Orc:2 *[:(

Annotations:
D:10 1 runed translucent door, fragbeetle's ghost, journeyman DjCj
Lair:5 1 runed translucent door, jejorda2's ghost, journeyman MfBe
Lair:6 1 exclusion


Innate Abilities, Weirdness & Mutations

You have an increased reservoir of magic. (+10% MP)
You shall have no god before yourself.
Your divine heritage dramatically boosts your attributes as you level up.
You are agile. (Dex +2)


Message History

The swamp drake breathes poison at you. The noxious blast misses you.
The eleionoma is engulfed in noxious fumes.
The eleionoma closely misses you.
Unknown command.
Unknown command.
Unknown command.
Blink to where?
Press: ? - help, Dir - move target
As you read the scroll of blinking, it crumbles to dust.
The swamp worm is engulfed in noxious fumes.
The swamp worm appears confused.
The eleionoma is engulfed in noxious fumes.
The eleionoma flows through the trees.
Unknown command.
Unknown command.
The bunyip howls a warning cry!
The swamp worm is engulfed in noxious fumes.
The swamp worm appears confused.
The eleionoma hurls a spray of splinters at you.
The spray of wooden splinters misses you.
You climb upwards.
Welcome back to the Lair of Beasts!
You radiate an aura of cold.
The eleionoma resists.
There is a staircase to the Swamp here.
Unknown command.
Unknown command.
You slice the eleionoma!! You drain the eleionoma!
The eleionoma is moderately wounded.
You hit the eleionoma.
The eleionoma is heavily wounded.
You radiate an aura of cold.
The eleionoma resists.
The eleionoma hurls a spray of splinters at you.
The spray of wooden splinters hits you!!
* * * LOW HITPOINT WARNING * * *
Unknown command.
Unknown command.
You feel much better.
The eleionoma hurls a spray of splinters at you.
The spray of wooden splinters hits you!!!
You die...

......#####..##........# #...
......#.##.#..(.......## ##...
........####..........# #....
........# #..♣.♣.....# #...[
........####...♣§♣....## ##...
.........##...♣♣§§♣....# #...
.........#...♣≈≈§§≈[..## ##..
.....>.......≈≈§§§≈♣..# #..
.............≈≈§@§≈≈.## ###
........#....≈≈R§§≈≈≈# #
.......#.##..♣≈§≈≈≈♣## ### ####
.......####...♣≈≈≈♣♣####.# #.#.
...............≈≈♣.......# #...
................≈........#####...
...P.......................##....
.<...##.....P#####.P####.........
...###.P.....# #..# ####......


You could see an eleionoma (drained).

Vanquished Creatures
  Kirke (Lair:4)
  An eleionoma (Lair:4)
  An entropy weaver (Spider:1)
  Snorg (Orc:2)
  Fannar (Lair:2)
  3 boulder beetles
  4 ogre magi (Orc:2)
  Harold (Lair:1)
  11 hydras
  2 catoblepae
  2 centaur warriors (D:13)
  19 two-headed ogres
  18 death yaks
  An orc high priest (Orc:1)
  A sun moth (Spider:1)
  3 pharaoh ants
  Amaemon (Lair:4)
  A steelbarb worm (Spider:1)
  An orb spider (Spider:1)
  A lindwurm (Lair:3)
  Pikel (D:6)
  A wolf spider (Spider:2)
  An orc knight (Orc:1)
  5 ugly things
  An orc sorcerer (D:12)
  A will-o-the-wisp (Swamp:1)
  7 cyclopes
  15 elephants
  A moth of wrath (Spider:2)
  2 manticores
  6 black mambas
  3 torpor snails
  Maggie (D:7)
  15 komodo dragons
  An unseen horror (shapeshifter) (D:13)
  17 cane toads
  2 demonic crawlers (Spider:1)
  4 gargoyles
  2 rime drakes
  2 tengu conjurers (D:13)
  An orange demon (Lair:4)
  6 polar bears
  A tyrant leech (Swamp:1)
  A meliai (Spider:2)
  6 trolls
  5 hornets
  13 blink frogs
  5 slime creatures
  Grinder (D:5)
  2 dream sheep (Lair:6)
  3 tarantellas (Spider:1)
  12 jumping spiders
  A vampire (D:11)
  2 shadows
  5 culicivoras
  2 wraiths
  13 spriggans
  4 wyverns
  33 yaks
  5 basilisks
  2 redbacks (Spider:1)
  3 hogs (Lair:4)
  6 wargs
  A swamp worm (Swamp:1)
  17 water moccasins
  15 orc warriors
  2 sky beasts
  5 black bears
  5 boggarts (Lair:6)
  24 wolves
  32 ogres
  9 centaurs
  2 kobold brigands
  17 bullfrogs
  3 necrophages
  A gnoll sergeant (D:8)
  3 scorpions
  A water moccasin zombie (D:5)
  12 wights
  10 killer bees
  2 electric eels (Lair:4)
  2 howler monkeys
  3 bullfrog zombies (D:5)
  A human zombie (D:5)
  3 jellies (Lair:5)
  12 orc priests
  3 hounds (D:6)
  5 iguanas
  Terence (D:2)
  Natasha (thrice) (D:2)
  14 orc wizards
  A hound zombie (D:5)
  A mummy (D:5)
  Robin (D:2)
  17 gnolls
  13 adders
  2 shadow imps
  2 white imps
  2 dart slugs
  57 orcs
  4 bats
  5 endoplasms
  6 giant cockroaches
  12 goblins
  10 hobgoblins
  3 jackals (D:3)
  12 kobolds
  2 quokkas
  4 ball pythons
  2 frilled lizards
  10 rats
668 creatures vanquished.

Vanquished Creatures (collateral kills)
  2 centaurs (D:13)
2 creatures vanquished.

Vanquished Creatures (others)
  14 foxfires (Swamp:1)
  62 fungi
  53 plants
  6 toadstools (Lair:3)
135 creatures vanquished.

Grand Total: 805 creatures vanquished

Notes
Turn   | Place    | Note
-------+----------+-------------------------------------------
     0 | D:1      | drugrobin the Demigod Fighter began the quest for the Orb.
     0 | D:1      | Reached XP level 1. HP: 18/18 MP: 3/3
    23 | D:1      | Reached skill level 2 in Axes
   117 | D:1      | Reached XP level 2. HP: 16/25 MP: 4/4
   812 | D:2      | Noticed Robin
   878 | D:1      | Reached XP level 3. HP: 16/31 MP: 5/5
  1031 | D:2      | Killed Robin
  1032 | D:2      | Reached skill level 3 in Axes
  1185 | D:2      | Noticed Terence
  1333 | D:2      | Noticed Natasha
  1338 | D:2      | Killed Natasha
  1339 | D:2      | Reached skill level 1 in Evocations
  1339 | D:2      | Reached XP level 4. HP: 38/38 MP: 6/6
  1358 | D:2      | Noticed Natasha
  1365 | D:2      | Killed Natasha
  1413 | D:2      | Noticed Natasha
  1418 | D:2      | Killed Natasha
  1578 | D:3      | Reached XP level 5. HP: 32/46 MP: 7/7
  1601 | D:3      | Gained mutation: You are agile. (Dex +2) [potion of
                  | mutation]
  1614 | D:3      | Reached skill level 4 in Axes
  2365 | D:2      | Killed Terence
  3315 | D:2      | Reached XP level 6. HP: 42/52 MP: 8/8
  4920 | D:4      | Identified the +2 robe of Recklessness {Will++}
  5068 | D:4      | Reached skill level 5 in Axes
  5326 | D:5      | Entered Level 5 of the Dungeon
  5522 | D:5      | Reached XP level 7. HP: 60/60 MP: 9/9
  5711 | D:5      | Noticed Grinder
  5724 | D:5      | Killed Grinder
  5725 | D:5      | Reached skill level 6 in Axes
  5866 | D:5      | Reached skill level 5 in Fighting
  6025 | D:5      | Found a staircase to the Ecumenical Temple.
  6085 | Temple   | Entered the Ecumenical Temple
  6129 | D:5      | Reached XP level 8. HP: 43/65 MP: 10/10
  6449 | D:5      | Reached skill level 7 in Axes
  7531 | D:6      | Reached skill level 5 in Evocations
  7827 | D:6      | Reached skill level 8 in Axes
  8505 | D:6      | Reached XP level 9. HP: 66/75 MP: 11/11
  8556 | D:6      | Noticed Pikel
  8565 | D:6      | Killed Pikel
  8590 | D:6      | You fall into a shaft and drop 1 floor!
  8701 | D:7      | Noticed Maggie
  8715 | D:7      | Killed Maggie
  8716 | D:7      | Reached skill level 9 in Axes
 10346 | D:7      | Found Angam's Magic Scroll Emporium.
 10351 | D:7      | Bought a scroll of identify for 20 gold pieces
 10351 | D:7      | Bought 2 scrolls of identify for 40 gold pieces
 10351 | D:7      | Bought a scroll of immolation for 35 gold pieces
 10351 | D:7      | Bought a scroll of identify for 20 gold pieces
 10351 | D:7      | Bought a scroll of teleportation for 30 gold pieces
 10351 | D:7      | Bought a scroll of magic mapping for 35 gold pieces
 10351 | D:7      | Bought a scroll of vulnerability for 75 gold pieces
 10351 | D:7      | Bought a scroll of fear for 35 gold pieces
 10351 | D:7      | Bought a scroll of amnesia for 35 gold pieces
 12142 | D:8      | Reached skill level 10 in Axes
 12164 | D:8      | Reached XP level 10. HP: 54/86 MP: 13/13
 13672 | D:10     | Entered Level 10 of the Dungeon
 14066 | D:10     | Reached skill level 11 in Axes
 14167 | D:10     | Found a runed translucent door.
 14167 | D:10     | Noticed an ogre mage
 14167 | D:10     | Noticed fragbeetle's ghost (journeyman DjCj)
 14446 | D:10     | Found a staircase to the Lair.
 14457 | Lair:1   | Entered Level 1 of the Lair of Beasts
 14521 | Lair:1   | Noticed an elephant
 14521 | Lair:1   | Noticed an elephant
 14522 | Lair:1   | Noticed an elephant
 14558 | D:10     | Killed an elephant
 14682 | D:10     | Found Sekler's Serpentskin Sales.
 14699 | D:10     | Bought 3 curare-tipped darts for 28 gold pieces
 15132 | D:11     | Noticed a cyclops
 15145 | D:11     | Killed a cyclops
 15207 | Lair:1   | Noticed an elephant
 15221 | D:10     | Killed an elephant
 15222 | D:10     | Reached XP level 11. HP: 85/95 MP: 14/14
 15382 | Lair:1   | Noticed Harold
 15430 | Lair:1   | Killed Harold
 15431 | Lair:1   | Reached skill level 12 in Axes
 16828 | Lair:2   | Found a hole to the Spider Nest.
 17070 | Lair:2   | Reached skill level 13 in Axes
 17199 | Lair:2   | Noticed Fannar
 17565 | Lair:3   | Noticed Sonja
 17574 | Lair:3   | Noticed Sonja
 17574 | Lair:3   | Sonja changed into Sonja the basilisk
 17578 | Lair:3   | Killed Sonja the basilisk
 17632 | Lair:3   | Reached XP level 12. HP: 99/106 MP: 15/15
 17712 | Lair:2   | Reached skill level 10 in Fighting
 17886 | Lair:3   | Noticed a four-headed hydra
 17899 | Lair:3   | Killed a one-headed hydra
 18308 | Lair:3   | Reached skill level 14 in Axes
 18686 | Lair:3   | Noticed a catoblepas
 18706 | Lair:3   | Found a runed translucent door.
 18974 | Lair:2   | Killed Fannar
 19087 | Lair:2   | Reached skill level 10 in Evocations
 19659 | Lair:4   | Noticed a five-headed hydra
 19659 | Lair:4   | Noticed a five-headed hydra
 19689 | Lair:4   | Killed a one-headed hydra
 19775 | Lair:4   | Killed a two-headed hydra
 19959 | Lair:4   | Noticed Kirke
 19986 | Lair:4   | Killed Kirke
 20020 | Lair:4   | Found a staircase to the Swamp.
 20170 | Lair:4   | Noticed a boulder beetle
 20198 | Lair:3   | Killed a boulder beetle
 20299 | Lair:4   | Noticed Amaemon
 20557 | Lair:4   | Reached skill level 15 in Axes
 21145 | Lair:4   | Killed Amaemon
 21146 | Lair:4   | Reached XP level 13. HP: 106/116 MP: 16/16
 21544 | Lair:5   | Identified the +3 ring mail "Xyneunos" {rC+}
 21976 | Lair:5   | Found a staircase to the Slime Pits.
 22170 | Lair:5   | Found a runed translucent door.
 22173 | Lair:5   | Noticed jejorda2's ghost (journeyman MfBe)
 22177 | Lair:5   | Identified the +10 spear "Pemubb" {venom, rF- rN+ Will+
                  | Stlth+}
 22571 | Lair:5   | Reached skill level 16 in Axes
 23348 | Lair:6   | Entered Level 6 of the Lair of Beasts
 24823 | Lair:6   | Reached skill level 17 in Axes
 25200 | Lair:5   | Reached XP level 14. HP: 95/127 MP: 17/17
 26200 | Lair:6   | Identified the +5 quarterstaff of Unreason {venom, Str+5
                  | Int-3}
 26956 | Lair:3   | Identified the +4 dagger "Hozepon" {vorpal, rC+++ rN+++
                  | Str-4}
 28404 | D:12     | Reached skill level 18 in Axes
 28501 | D:12     | Learned a level 3 spell: Ozocubu's Armour
 28740 | D:12     | Found a staircase to the Orcish Mines.
 28772 | Orc:1    | Entered Level 1 of the Orcish Mines
 29264 | Orc:2    | Entered Level 2 of the Orcish Mines
 29264 | Orc:2    | Found a staircase to the Elven Halls.
 29371 | Orc:2    | Reached skill level 1 in Spellcasting
 29681 | Orc:2    | Learned a level 3 spell: Frozen Ramparts
 30091 | Orc:2    | Noticed Snorg
 30139 | Orc:2    | Killed Snorg
 31283 | Orc:2    | Reached skill level 5 in Spellcasting
 31417 | Orc:2    | Reached XP level 15. HP: 131/139 MP: 26/26
 31543 | Orc:2    | Found Namnoack's Antique Armour Boutique.
 31543 | Orc:2    | Found Koduamm's General Store.
 31544 | Orc:2    | Found Mekaemiakh's Antique Weapon Emporium.
 31544 | Orc:2    | Found Hyuppa's Book Boutique.
 31551 | Orc:2    | Bought a +2 broad axe of draining for 249 gold pieces
 31564 | Orc:2    | Bought a potion of haste for 130 gold pieces
 31564 | Orc:2    | Bought a potion of curing for 39 gold pieces
 32402 | D:13     | Reached skill level 1 in Dodging
 32402 | D:13     | Reached skill level 1 in Ice Magic
 32553 | D:13     | Learned a level 4 spell: Summon Ice Beast
 33808 | D:14     | Learned a level 2 spell: Blink
 34061 | Swamp:1  | Entered Level 1 of the Swamp
 34421 | Spider:1 | Entered Level 1 of the Spider Nest
 34851 | Spider:1 | Reached skill level 15 in Fighting
 36317 | Lair:4   | Killed from afar by an eleionoma

Illustrated notes

Levels and vault maps discovered:
D:1:      dpeg_arrival_pits, layout_basic
D:2:      layout_basic, basic_altar, uniq_terence, uniq_robin, uniq_natasha
D:3:      layout_basic, kennysheep_flooded_box, dk_vineyard_2
D:4:      layout_loops_corners, nicolae_overflow_crystal_walls,
          minmay_misc_feat_doors, minmay_strange_pillars, minmay_hedge_maze
D:5:      layout_rooms, lemuel_mausoleum_altar_yredelemnul,
          minmay_temple_entry_glassed_door, dreamdust_wishing_well,
          kennysheep_big_empty_room, uniq_grinder
D:6:      layout_basic, mainiacjoe_overflow_alcove_1, zin_statuary, uniq_pikel
D:7:      layout_basic, serial_shops, nicolae_shop_hallway_plus, hex_medium,
          uniq_maggie
D:8:      layout_basic, lemuel_crystal_altar
D:9:      layout_long_grid, minmay_misc_feat_roman, minmay_orc_keep
D:10:     layout_loops_cross, nicolae_dithmenos_shadow_blocks,
          erik_lair_orcish_takeover, ebering_ghost_inner_flame,
          guppyfry_shop_venom
D:11:     layout_long_grid, worldfamousw_hep_ancestral_shrine
D:12:     layout_cave_pools, david_orc_2, brannock_xom_greatest_gift
D:13:     layout_gridville, nicolae_straight_to_the_point
D:14:     layout_roguey, david_vaults_2, serial_shops,
          nicolae_shop_hallway_stairs, serial_aquarium, aquarium_bridge_straight
          [aquarium_subvault_bridge, aquarium_subvault_wall,
          aquarium_subvault_bridge, aquarium_subvault_window],
          aquarium_bridge_island_small [aquarium_subvault_small_open,
          aquarium_subvault_bridge, aquarium_subvault_window,
          aquarium_subvault_wall, aquarium_subvault_bridge], aquarium_window_1,
          aquarium_window_1, aquarium_window_fake, aquarium_window_2,
          aquarium_view_2b
Temple:   nicolae_temple_elliptical
Lair:1:   layout_loops_ring, chequers_serial_rivers_micro_c,
          dreamdust_mushroom_princess, st_stairs_12, grunt_megastairs_5,
          uniq_harold
Lair:2:   layout_hall_layers, dummy_spider_entry, beast_lair_carwin_8,
          uniq_fannar
Lair:3:   gammafunk_lair_enchanted_lake, layout_chaotic_city,
          grunt_megastairs_4, lemuel_fruit_fields, uniq_sonja
Lair:4:   layout_gridlike, swamp_mist_pool, nicolae_quartered_pool_little,
          uniq_amaemon, uniq_kirke
Lair:5:   layout_small_grid, minmay_slime_entry_pillars,
          ebering_ghost_funeral_grove, infiniplex_staircase_pool_2
Lair:6:   minmay_lair_end_enchanted_forest, layout_regular_city
Swamp:1:  layout_basic_swamp, evilmike_swamp_ruin_house_4, uniq_donald,
          uniq_nikola, uniq_jorgrun
Spider:1: layout_spider_delve
Spider:2: layout_spider_delve
Orc:1:    layout_caves
Orc:2:    st_orc_ogre_mass, layout_caves, basic_altar, uniq_snorg

Skill      XL: |  1  2  3  4  5  6  7  8  9 10 11 12 13 14 15 |
---------------+----------------------------------------------+-----
Axes           | 2 3 4 5 6 8 10 11 13 15 17 18 | 18.0
Fighting       | 3 4 5 6 7 8 9 11 12 14 15 | 15.1
Evocations     | 1 2 3 4 5 6 8 9 10 | 10.0
Spellcasting   | 5 6 |  6.3
Dodging        | 4 |  4.0
Ice Magic      | 3 |  3.9
Armour         | |  2.8
Shields        | |  2.6

Action                   |  1- 3 |  4- 6 |  7- 9 | 10-12 | 13-15 || total
-------------------------+-------+-------+-------+-------+-------++-------
Melee: War axe           |    27 |       |   107 |   628 |   809 ||  1571
       Dagger            |    70 |    18 |       |       |       ||    88
       Mace              |    31 |   114 |    12 |     2 |       ||   159
       Hand axe          |     7 |       |       |       |       ||     7
       Spear             |       |    75 |   173 |   129 |       ||   377
       Trident           |       |       |    97 |       |       ||    97
       Unarmed           |       |       |       |     4 |       ||     4
       Demon whip        |       |       |       |       |   523 ||   523
       Broad axe         |       |       |       |       |   171 ||   171
Throw: Boomerang         |       |    29 |     9 |    23 |    31 ||    92
       Dart              |       |     1 |     8 |    11 |    29 ||    49
       Throwing net      |       |       |       |       |     1 ||     1
 Cast: Ozocubu's Armour  |       |       |       |       |    51 ||    51
       Frozen Ramparts   |       |       |       |       |    23 ||    23
 Abil: Evoke Invisibilit |       |       |       |     1 |       ||     1
Evoke: Wand              |       |     7 |     6 |    27 |     7 ||    47
       Condenser vane    |       |       |       |     1 |     2 ||     3
  Use: Potion            |       |     1 |       |     1 |     3 ||     5
       Scroll            |       |       |     8 |     7 |     2 ||    17
 Stab: Paralysed         |       |       |    10 |     2 |     3 ||    15
       Invisible         |       |       |       |     1 |       ||     1
       Petrified         |       |       |       |       |     9 ||     9
       Distracted        |       |       |       |       |     3 ||     3
Armor: Scale mail        |    55 |    56 |   104 |    31 |       ||   246
       Plate armour      |       |       |       |    70 |       ||    70
       Chain mail        |       |       |       |     4 |       ||     4
       Ring mail         |       |       |       |   146 |   208 ||   354
       Animal skin       |       |       |       |       |   162 ||   162
Dodge: Dodged            |    73 |    81 |   156 |   231 |   495 ||  1036
Block: Buckler           |    30 |    42 |    85 |   138 |   249 ||   544

Table legend: (Time is in decaauts)
 A = Elapsed time spent in this place.
 B = Non-inter-level travel time spent in this place.
 C = Inter-level travel time spent in this place.
 D = Time resting spent in this place.
 E = Time spent auto-exploring this place.
 F = Levels seen in this place.
 G = Mean time per level.
                   A        B        C        D        E       F      G
               +--------+--------+--------+--------+--------+-----+--------+
         Total |  36025 |  33548 |   2477 |   7793 |  14765 |  26 | 1385.6 |
       Dungeon |  18774 |  17634 |   1140 |   4175 |   8597 |  14 | 1341.0 |
        Temple |    116 |    116 |      0 |    112 |      0 |   1 |  116.0 |
          Lair |  12034 |  11082 |    952 |   2540 |   4399 |   6 | 2005.7 |
         Swamp |    243 |    243 |      0 |      0 |    116 |   1 |  243.0 |
   Spider Nest |   1731 |   1483 |    248 |    311 |    589 |   2 |  865.5 |
  Orcish Mines |   3125 |   2990 |    135 |    654 |   1064 |   2 | 1562.5 |
               +--------+--------+--------+--------+--------+-----+--------+

Top non-repeatable levels by time:
  Lair:6: 2472 daAuts
  Lair:4: 2400 daAuts
  Lair:5: 2249 daAuts
  Lair:3: 2125 daAuts
     D:7: 2124 daAuts
   Orc:2: 2061 daAuts
     D:5: 1677 daAuts
     D:3: 1653 daAuts
     D:4: 1626 daAuts
     D:8: 1577 daAuts
     D:2: 1543 daAuts
     D:6: 1536 daAuts
Spider:1: 1532 daAuts
     D:9: 1521 daAuts
  Lair:2: 1415 daAuts
